Map: Daybreak LE (Void)

Players

Scord - Winner!

  • Race: Terran Terran
  • League: Diamond
  • Spawn Location: 1:00

Fropez

  • Race: Protoss Protoss
  • League: Gold
  • Spawn Location: 7:00

VOD

Have the link to the VOD?

Description

Time

  • Played on: Dec. 3, 2016, 6:06 p.m.
  • Length: 19:22
Show
View Real Time Build Order
Export as new Build Order

Scord Terran - Winner!

Build Orders: MMM Bio 

Get SALT Encoding   

  12  0:01  SCV  
  13  0:16  Supply Depot  
  13  0:18  SCV  
  14  0:30  SCV  
  15  0:43  Barracks  
  15  0:44  SCV  
  16  0:51  Refinery  
  16  0:56  SCV  
  17  1:08  SCV  
  18  1:21  SCV  
  19  1:31  Supply Depot  
  19  1:35  SCV  
  19  1:36  Barracks Tech Lab  
  20  1:46  Command Center  
  20  1:56  Reaper  
  20  1:59  Barracks  
  21  2:02  SCV  
  22  2:19  Orbital Command  
  22  2:23  Refinery  
  22  2:30  Marauder  
  24  2:49  Barracks Reactor  
  25  2:51  SCV, Factory  
  25  3:00  Orbital Command  
  25  3:04  SCV  
  26  3:15  Marauder  
  26  3:16  SCV  
  29  3:22  Stimpack  
  29  3:26  Marine  
  30  3:28  SCV  
  31  3:38  Factory Reactor  
  31  3:40  SCV  
  32  4:00  Marine  
  32  4:01  Marine, Marauder  
  36  4:05  Starport  
  34  4:27  Widow Mine x2  
  34  4:29  Marine x2  
  34  4:30  Marine  
  40  4:36  Orbital Command  
  40  4:47  Marine x2  
  42  5:04  SCV  
  42  5:05  SCV  
  44  5:11  Marine x2  
  46  5:20  Supply Depot  
  46  5:21  Supply Depot  
  46  5:22  Supply Depot x2  
  46  5:34  Marine x2  
  46  5:41  Marine  
  46  5:42  SCV x2  
  49  5:47  Medivac x2  
  49  5:49  Factory Tech Lab  
  53  5:52  Marine x2  
  53  5:54  SCV  
  56  5:59  Marine  
  56  6:00  Engineering Bay x2  
  56  6:02  SCV  
  58  6:08  Combat Shields  
  58  6:10  Marine  
  59  6:12  Siege Tank  
  59  6:14  SCV  
  59  6:17  Marauder, Medivac  
  59  6:18  Marine  
  68  6:26  SCV  
  68  6:28  Marine  
  70  6:36  Marine  
  70  6:39  Marauder, Refinery x2  
  73  6:46  Marine  
  74  6:47  Supply Depot  
  74  6:48  Supply Depot  
  74  6:49  Supply Depot x2, Medivac  
  74  6:50  Supply Depot  
  74  6:53  Marine  
  77  7:00  Marine  
  78  7:03  Marine  
  77  7:27  Concussive Shells  
  77  7:33  Command Center  
  74  7:59  Siege Tank  
  74  8:02  Medivac x2  
  74  8:04  Marine x2, Marauder  
  85  8:07  Terran Infantry Weapons Level 1, Terran Infantry Armor Level 1  
  85  8:22  Marine x2  
  85  8:24  Barracks  
  85  8:25  Marauder, Missile Turret  
  85  8:26  Barracks  
  89  8:30  SCV x2  
  91  8:39  Marine  
  92  8:42  SCV x2  
  94  8:54  Missile Turret  
  94  9:03  Orbital Command  
  94  9:06  SCV x2  
  96  9:18  SCV x2  
  96  9:19  Medivac  
  96  9:20  Medivac  
  96  9:21  Siege Tank  
  105  9:28  Starport  
  105  9:30  SCV  
  98  10:11  SCV  
  98  10:12  SCV x2  
  101  10:17  Refinery x2  
  101  10:21  Marauder  
  103  10:23  SCV  
  103  10:24  SCV x2, Barracks Tech Lab  
  103  10:25  Barracks Tech Lab  
  106  10:34  Starport Tech Lab  
  106  10:36  SCV x2  
  106  10:41  Armory  
  106  10:42  Marauder  
  110  10:56  Liberator  
  110  10:57  Liberator x2  
  110  10:59  Marine x2, Marauder x2  
  110  11:01  Command Center  
  110  11:04  Marauder  
  118  11:11  Siege Tank, Missile Turret  
  118  11:17  Marine x2  
  132  11:29  Supply Depot  
  132  11:31  Supply Depot  
  132  11:32  Supply Depot, Missile Turret  
  132  11:33  Supply Depot  
  132  11:35  Marine  
  132  11:39  Liberator x2  
  133  11:50  Marine  
  133  11:51  Marauder x3  
  133  11:53  Marine  
  141  11:55  Supply Depot  
  141  11:56  Supply Depot  
  141  11:59  SCV x3  
  150  12:08  Marine  
  150  12:11  SCV x2  
  150  12:12  Marine, Marauder x2  
  158  12:16  Planetary Fortress  
  124  13:16  Marine x2, Marauder x3  
  124  13:17  Terran Infantry Armor Level 2, Terran Infantry Weapons Level 2  
  132  13:20  Medivac x3  
  132  13:24  Siege Tank  
  132  13:26  SCV x2  
  132  13:27  SCV x2  
  145  13:34  Marine x2  
  145  13:37  Marine, Marauder x2  
  145  13:38  SCV  
  145  13:39  SCV  
  154  13:50  Medivac  
  154  13:52  Marine x2  
  154  13:53  Missile Turret  
  160  13:55  Marauder  
  160  13:56  Siege Tank  
  160  14:01  Terran Vehicle Weapons Level 1  
  163  14:07  Fusion Core  
  163  14:10  Marine  
  163  14:13  Marine  
  163  14:15  Missile Turret  
  163  14:38  Marauder  
  164  14:54  Supply Depot  
  164  14:55  Supply Depot x3  
  164  15:16  Marine, Marauder, Medivac x3  
  164  15:17  Marauder  
  164  15:19  Supply Depot  
  164  15:20  Supply Depot x2  
  175  15:22  Supply Depot  
  175  15:29  Siege Tank  
  178  15:43  Command Center  
  178  15:44  SCV x4  
  178  15:45  Supply Depot, Medivac  
  178  15:47  Refinery  
  178  15:49  Refinery  
  184  15:56  SCV x3  
  187  16:02  Siege Tank  
  189  16:28  Supply Depot  
  189  16:29  Supply Depot  
  189  16:31  Marine x2, Marauder x3  
  197  16:33  Supply Depot x2  
  197  16:34  Siege Tank  
  197  16:36  Supply Depot  
  188  16:49  Marine x2  
  173  17:21  Widow Mine  
  175  17:25  Marine x2, Marauder x3  
  183  17:40  Liberator x3  
  183  17:43  Marine x2  
  182  17:46  Marine x2, Marauder  
  194  18:01  Marine x2  
  193  18:09  Marine, Orbital Command, Marauder x2  
  198  18:19  Marine x2  
  197  18:27  Marine  
  197  18:31  Marauder  
  197  18:36  Marauder  
  197  18:37  Marine  
  199  18:44  Marine  
  199  18:45  Marine  
  198  18:51  Marine  
Show
View Real Time Build Order
Export as new Build Order

Fropez Protoss 

Build Orders:  

Get SALT Encoding   

  12  0:00  Probe (Chrono Boost)  
  13  0:14  Pylon  
  13  0:18  Probe (Chrono Boost)  
  14  0:33  Gateway  
  14  0:34  Probe (Chrono Boost)  
  15  0:46  Probe (Chrono Boost), Assimilator  
  16  0:58  Probe (Chrono Boost)  
  17  1:13  Probe (Chrono Boost)  
  18  1:26  Cybernetics Core  
  18  1:28  Probe (Chrono Boost)  
  18  1:31  Pylon  
  19  1:34  Pylon, Assimilator  
  20  1:40  Probe (Chrono Boost)  
  20  1:53  Probe (Chrono Boost), Gateway  
  21  2:04  Warp Gate (Chrono Boost), Mothership Core (Chrono Boost)  
  23  2:18  Pylon  
  23  2:21  Pylon  
  23  2:25  Probe (Chrono Boost)  
  24  2:32  Stalker  
  25  2:45  Stalker  
  25  2:48  Probe  
  28  3:00  Forge  
  28  3:01  Probe  
  29  3:17  Stalker  
  31  3:23  Stalker  
  33  3:39  Photon Cannon  
  33  3:42  Pylon  
  33  4:15  Probe  
  34  4:25  Nexus  
  34  4:29  Photon Cannon  
  34  4:33  Photon Cannon  
  34  4:35  Pylon  
  34  4:43  Sentry x2  
  38  5:04  Pylon  
  38  5:13  Gateway  
  38  5:15  Probe  
  38  5:16  Pylon  
  39  5:27  Probe  
  40  5:29  Photon Cannon  
  40  5:36  Probe  
  40  5:40  Stalker x2  
  45  5:43  Probe  
  46  5:56  Probe  
  46  5:57  Probe  
  48  6:05  Pylon  
  48  6:07  Probe  
  48  6:08  Pylon  
  48  6:09  Protoss Ground Weapons Level 1 (Chrono Boost)  
  50  6:11  Probe  
  50  6:21  Pylon  
  50  6:33  Photon Cannon  
  50  6:35  Probe  
  50  6:36  Pylon  
  51  6:40  Probe  
  51  6:44  Twilight Council  
  51  6:45  Stalker  
  54  6:47  Probe  
  54  6:49  Assimilator  
  55  7:12  Stalker x3  
  59  7:25  Probe, Assimilator  
  59  7:26  Probe  
  61  7:30  Photon Cannon  
  59  7:41  Photon Cannon  
  59  7:47  Photon Cannon  
  59  7:51  Resonating Glaives (Chrono Boost)  
  59  7:54  Pylon  
  59  7:59  Probe  
  59  8:00  Probe  
  59  8:02  Adept x3  
  67  8:06  Protoss Ground Weapons Level 2 (Chrono Boost)  
  67  8:16  Robotics Facility  
  67  8:29  Probe  
  67  8:30  Probe  
  69  8:40  Pylon, Templar Archives  
  69  8:42  Probe x2  
  69  8:47  Adept x2  
  69  8:48  Adept  
  77  8:54  Probe  
  78  9:08  Observer  
  79  9:15  Nexus  
  79  9:22  Pylon  
  79  9:41  Photon Cannon  
  79  9:43  Pylon, Probe x2  
  81  10:00  Probe x2  
  73  10:07  Adept x3  
  79  10:14  Protoss Ground Armor Level 1 (Chrono Boost)  
  79  10:15  Immortal  
  81  10:26  Gateway  
  81  10:42  Photon Cannon  
  81  10:45  Gateway  
  81  10:47  Gateway, Psionic Storm  
  81  10:50  High Templar x2  
  85  10:58  Immortal (Chrono Boost)  
  85  11:00  Pylon  
  85  11:03  Pylon  
  89  11:06  Pylon  
  89  11:08  Pylon  
  89  11:10  Assimilator  
  89  11:12  Stalker  
  89  11:14  Probe, Assimilator  
  92  11:35  High Templar x3  
  92  11:37  High Templar, Immortal  
  104  11:45  Pylon, Probe x2, Photon Cannon  
  106  11:48  Probe  
  107  11:55  Protoss Shields Level 1 (Chrono Boost)  
  107  11:57  Probe  
  107  12:01  Probe, Stalker x2  
  108  12:02  Probe  
  114  12:09  Probe  
  114  12:14  High Templar x4  
  123  12:18  Immortal  
  127  12:33  Stalker x2  
  121  12:51  Stalker x2  
  121  12:52  Stalker x2  
  129  13:14  Stalker x2  
  133  13:23  Immortal  
  135  14:20  Nexus  
  135  14:23  Pylon  
  135  14:26  Pylon  
  135  14:27  Archon x3  
  130  14:41  Adept x4  
  130  14:42  Adept x2  
  142  14:48  Photon Cannon  
  142  14:50  Photon Cannon  
  142  14:53  Photon Cannon  
  142  14:55  Photon Cannon  
  142  14:58  Photon Cannon  
  142  15:03  Pylon  
  142  15:05  Pylon  
  142  15:10  Pylon  
  142  15:14  Assimilator  
  142  15:16  Adept x4  
  142  15:17  Adept x2  
  142  15:18  Assimilator  
  152  15:22  Immortal  
  152  15:23  Protoss Ground Weapons Level 3 (Chrono Boost)  
  156  15:52  Probe x2  
  156  15:53  Probe x2  
  160  15:57  Stalker x3  
  160  15:58  Stalker x3  
  160  16:03  Gateway  
  172  16:06  Gateway  
  172  16:08  Gateway  
  172  16:10  Gateway  
  172  16:12  Gateway  
  172  16:15  Gateway  
  172  16:18  Gateway  
  172  16:19  Warp Prism  
  172  16:22  Pylon  
  164  16:25  Adept  
  164  16:26  Adept x4  
  164  16:27  Adept  
  134  17:09  Archon x2  
  134  17:15  High Templar x4  
  103  17:16  High Templar x2  
  107  17:35  High Templar x4  
  107  17:36  High Templar  
  117  17:37  Zealot x2  
  108  18:11  Nexus  
  106  18:13  Assimilator  
  106  18:16  Adept x4  
  106  18:17  Adept x4  
  106  18:18  Adept x3  
  118  18:37  Mothership Core  
Tags
 
Composition
MMM Bio
Matchup
PvT
Replay Pack
All Mines
Spawn Locations
Cross Positions
Add a new tag
Caveats
  • Supply blocks, unpowered buildings, or Contaminate may cause inaccurate times.
  • Supply counts are checked every 10 seconds.